 Dungeon Sprint DCSS version 0.21-a0-55-gb612c23 (webtiles) character file.

13129 Kidiri the Grappler (level 11, -2/123 HPs)
             Began as a Troll Monk on June 14, 2017.
             Was the Champion of Qazlal.
             Slain by an orc warrior
             ... wielding a cursed +0 halberd
              (18 damage)
             ... in the Dungeon (Sprint IX: "|||||||||||||||||||||||||||||").
             The game lasted 00:06:35 (1154 turns).

Kidiri the Grappler (Troll Monk)                    Turns: 1154, Time: 00:06:36

Health: -2/123     AC: 11    Str: 21    XL:     11   Next: 71%
Magic:  5/16       EV: 18    Int:  6    God:    Qazlal [******]
Gold:   1250       SH:  8    Dex: 15    Spells: 10/10 levels left

rFire    . . .     SeeInvis .     - Unarmed
rCold    . . .     Gourm    +   (no shield)
rNeg     . . .     Faith    .   a - +0 robe
rPois    .         Spirit   .   (helmet restricted)
rElec    .         Reflect  .   n - +0 cloak
rCorr    +         Harm     .   (gloves unavailable)
MR       .....     NoTele   +   (boots unavailable)
Stlth    +.........             (no amulet)
HPRegen  0.70/turn              o - +2 ring of protection
MPRegen  0.15/turn              u - ring of resist corrosion

@: repel missiles
A: unfitting armour, antennae 1, claws 3, hooves 1, thin metallic scales 1, fast
metabolism 3, gourmand, regeneration 1, shaggy fur 1, tough skin 2
a: Upheaval, Elemental Force, Disaster Area, Renounce Religion


You were in the Dungeon.
You worshipped Qazlal.
Qazlal was exalted by your worship.
You were completely stuffed.

You visited 1 branch You collected 1250 gold pieces.

Inventory:

Armour
 a - a +0 robe (worn)
 n - a +0 cloak (worn)
Jewellery
 o - a +2 ring of protection (left claw)
 p - a +3 ring of intelligence
 u - a ring of resist corrosion (right claw)
Wands
 m - a wand of acid (7/15)
Scrolls
 g - a scroll of fear
 h - 3 scrolls of blinking
 k - 4 scrolls of remove curse
 l - 2 scrolls of amnesia
 s - 4 scrolls of enchant weapon
 t - a scroll of fog
Potions
 c - 6 potions of curing
 d - a potion of heal wounds
 e - 2 potions of haste
 f - 4 potions of magic
 j - a potion of invisibility
 q - a potion of might
 r - a potion of brilliance
Comestibles
 b - 15 bread rations
 i - 37 chunks of flesh
 v - 40 fruits
 w - 12 meat rations


   Skills:
 * Level 12.2 Fighting
 + Level 8.7 Armour
 * Level 12.4 Dodging
 - Level 1.0 Stealth
 * Level 14.2 Unarmed Combat
 + Level 9.2 Invocations
 + Level 6.8 Evocations


You had 10 spell levels left.
You didn't know any spells.

Dungeon Overview and Level Annotations

Branches:
Dungeon (1/1)

Altars:
Cheibriados
Dithmenos
Elyvilon
Fedhas
Gozag
Hepliaklqana
Kikubaaqudgha
Makhleb
Nemelex Xobeh
Okawaru
Qazlal
Ru
Sif Muna
Trog
Uskayaw
Vehumet
Wu Jian
Xom
Yredelemnul
Zin
The Shining One
Beogh
Jiyva
Lugonu

Shops:
D !(%}


Innate Abilities, Weirdness & Mutations

You are too large for most types of armour.
You have claws for hands.
Your metabolism is lightning-fast.
You like to eat raw meat.
Your natural rate of healing is unusually fast.
You are covered in fur. (AC +1)
You have very tough skin. (AC +2)
You have a pair of small antennae on your head.
You have large cloven feet.
You are partially covered in thin metallic scales. (AC +2)


Message History

You block the orc knight's attack. The orc warrior barely misses you.
An orc warrior comes into view. It is wielding a glaive.
Unknown command.
You barely miss the orc knight. Your kick misses the orc knight.
The orc knight is lightly wounded.
The orc knight no longer looks unusually strong.
The orc warrior completely misses you. The orc knight barely misses you.
Unknown command.
You claw the orc knight!
You kick the orc knight, but do no damage.
The orc knight is moderately wounded.
Unknown command.
You mangle the orc knight!! Your kick misses the orc knight.
The orc knight is severely wounded.
The orc knight roars a battlecry!
The orc knight goes into a battle-frenzy!
The orc knight hits you with an enchanted war axe!!!
* * * LOW HITPOINT WARNING * * *
The orc warrior hits you from afar with a halberd!!
You die...

▓_▓.▓.▓.▓(▓
▓_▓.▓.▓.▓.▓
▓_▓.▓.▓.▓.▓
▓_▓.▓.▓.▓'▓
▓'▓.▓%▓.▓)▓
▓.▓.▓.▓.▓)▓
▓.▓.▓.▓.▓)▓
▓|▓.▓.▓.▓)▓
▓)▓.▓.▓.▓@▓
▓[▓.▓.▓.▓o▓
▓(▓.▓.▓.▓o▓
▓[▓.▓.▓.▓o▓
▓.▓.▓.▓.▓o▓
▓(▓.▓.▓.▓∩▓
▓(▓.▓)▓.▓o▓
▓(▓.▓.▓.▓∩▓
▓)▓.▓(▓.▓


You could see 3 orc knights and 2 orc warriors.

Vanquished Creatures
  A two-headed ogre (D)
  6 death yaks (D)
  8 orc knights (D)
  Joseph (D)
  4 spiny frogs (D)
  A rime drake (D)
  3 yaks (D)
  A vampire (D)
  Grum (D)
  A basilisk (D)
  2 water moccasins (D)
  A porcupine (D)
  11 orc warriors (D)
  An ogre (D)
  A centaur (D)
  4 wolves (D)
  3 crocodiles (D)
  7 bullfrogs (D)
  A crimson imp (D)
  3 orc priests (D)
  A hound (D)
  A worker ant (D)
  6 orc wizards (D)
  2 adders (D)
  A worm (D)
  A leopard gecko (D)
  6 orcs (D)
  A giant cockroach (D)
  A hobgoblin (D)
  2 quokkas (D)
  A ball python zombie (D)
  A bat (D)
  A quokka skeleton (D)
  A rat (D)
87 creatures vanquished.

Notes
Turn   | Place    | Note
-------+----------+-------------------------------------------
     0 | D        | Kidiri the Troll Monk began the quest for the Orb.
     0 | D        | Reached XP level 1. HP: 22/22 MP: 0/0
    19 | D        | Noticed a hound
    31 | D        | Reached skill level 1 in Armour
    31 | D        | Reached XP level 2. HP: 26/31 MP: 1/1
    32 | D        | Reached skill level 4 in Unarmed Combat
    44 | D        | Reached XP level 3. HP: 36/39 MP: 2/2
    57 | D        | Found a roughly hewn altar of Beogh.
    57 | D        | Found a snail-covered altar of Cheibriados.
    57 | D        | Found a shadowy altar of Dithmenos.
    57 | D        | Found a white marble altar of Elyvilon.
    57 | D        | Found a blossoming altar of Fedhas.
    57 | D        | Found an opulent altar of Gozag.
    58 | D        | Found a hazy altar of Hepliaklqana.
    59 | D        | Found a viscous altar of Jiyva.
    60 | D        | Found an ancient bone altar of Kikubaaqudgha.
    61 | D        | Found a corrupted altar of Lugonu.
    62 | D        | Found a burning altar of Makhleb.
    63 | D        | Found a sparkling altar of Nemelex Xobeh.
    64 | D        | Found an iron altar of Okawaru.
    65 | D        | Found a stormy altar of Qazlal.
    66 | D        | Found a sacrificial altar of Ru.
    67 | D        | Found a deep blue altar of Sif Muna.
    68 | D        | Found a bloodstained altar of Trog.
    69 | D        | Found a hide-covered altar of Uskayaw.
    70 | D        | Found a radiant altar of Vehumet.
    71 | D        | Found an ornate altar of the Wu Jian Council.
    72 | D        | Found a shimmering altar of Xom.
    73 | D        | Became a worshipper of Qazlal Stormbringer
    73 | D        | Reached * piety under Qazlal
    73 | D        | Reached ** piety under Qazlal
    74 | D        | Found a basalt altar of Yredelemnul.
    75 | D        | Found a glowing silver altar of Zin.
    76 | D        | Found a glowing golden altar of the Shining One.
   108 | D        | Noticed a vampire
   108 | D        | Noticed a centaur
   108 | D        | Noticed an ogre
   115 | D        | Killed a vampire
   115 | D        | Reached skill level 5 in Fighting
   115 | D        | Reached skill level 5 in Dodging
   115 | D        | Reached skill level 6 in Unarmed Combat
   115 | D        | Reached XP level 4. HP: 38/50 MP: 2/4
   115 | D        | Reached XP level 5. HP: 43/57 MP: 2/5
   120 | D        | Killed a centaur
   120 | D        | Reached *** piety under Qazlal
   126 | D        | Killed an ogre
   126 | D        | Reached skill level 7 in Unarmed Combat
   126 | D        | Reached XP level 6. HP: 28/67 MP: 2/7
   190 | D        | Noticed a two-headed ogre
   190 | D        | Noticed an orc warrior
   190 | D        | Noticed a yak
   194 | D        | HP: 2/68 [two-headed ogre/giant club (15)]
   199 | D        | Killed a two-headed ogre
   199 | D        | Reached skill level 9 in Unarmed Combat
   199 | D        | Reached XP level 7. HP: 41/79 MP: 3/9
   202 | D        | Reached skill level 5 in Armour
   202 | D        | Reached XP level 8. HP: 48/88 MP: 4/10
   206 | D        | Reached **** piety under Qazlal
   213 | D        | Reached skill level 5 in Invocations
   394 | D        | Gained mutation: You have a pair of small antennae on your head. [potion of mutation]
   394 | D        | Gained mutation: You have large cloven feet. [potion of mutation]
   394 | D        | Gained mutation: You are partially covered in thin metallic scales. (AC +2) [potion of mutation]
   434 | D        | Noticed a rime drake
   434 | D        | Noticed a spiny frog
   435 | D        | Killed a rime drake
   440 | D        | Noticed a spiny frog
   442 | D        | Reached skill level 10 in Unarmed Combat
   455 | D        | Reached ***** piety under Qazlal
   459 | D        | Killed a spiny frog
   459 | D        | Reached XP level 9. HP: 45/97 MP: 8/12
   460 | D        | Killed a spiny frog
   539 | D        | Noticed a spiny frog
   539 | D        | Noticed a spiny frog
   544 | D        | Reached skill level 11 in Unarmed Combat
   550 | D        | Killed a spiny frog
   551 | D        | Killed a spiny frog
   551 | D        | Reached skill level 10 in Dodging
   607 | D        | Noticed a death yak
   607 | D        | Noticed a death yak
   607 | D        | Noticed a death yak
   607 | D        | Noticed a death yak
   607 | D        | Noticed a death yak
   608 | D        | Reached ****** piety under Qazlal
   613 | D        | Noticed a death yak
   616 | D        | Killed a death yak
   616 | D        | Reached skill level 10 in Fighting
   616 | D        | Reached XP level 10. HP: 101/110 MP: 6/14
   625 | D        | Killed a death yak
   625 | D        | Reached skill level 12 in Unarmed Combat
   625 | D        | Reached skill level 5 in Evocations
   632 | D        | Killed a death yak
   637 | D        | Killed a death yak
   640 | D        | Killed a death yak
   646 | D        | Killed a death yak
   648 | D        | Reached skill level 13 in Unarmed Combat
   648 | D        | Reached XP level 11. HP: 48/120 MP: 3/16
   786 | D        | Noticed Joseph
   796 | D        | Killed Joseph
   831 | D        | Noticed Grum
   846 | D        | Killed Grum
   899 | D        | Noticed an orc knight
   914 | D        | Killed an orc knight
  1016 | D        | Noticed an orc knight
  1036 | D        | Killed an orc knight
  1120 | D        | Found Suukk's Distillery.
  1120 | D        | Noticed an orc knight
  1120 | D        | Noticed an orc knight
  1120 | D        | Noticed an orc knight
  1123 | D        | Noticed an orc knight
  1125 | D        | Noticed an orc knight
  1126 | D        | Killed an orc knight
  1126 | D        | Killed an orc knight
  1128 | D        | Killed an orc knight
  1129 | D        | Found Gyx Yss's Weapon Shoppe.
  1129 | D        | Noticed an orc knight
  1131 | D        | Found Asumaqi's Food Emporium.
  1132 | D        | Killed an orc knight
  1132 | D        | Reached skill level 14 in Unarmed Combat
  1134 | D        | Noticed an orc knight
  1137 | D        | Killed an orc knight
  1143 | D        | Noticed an orc knight
  1147 | D        | Killed an orc knight
  1148 | D        | Found Xuurok's Gadget Shoppe.
  1150 | D        | Noticed an orc knight
  1154 | D        | Slain by an orc warrior

Vault maps used:
D:        linesprint

Skill      XL: |  1  2  3  4  5  6  7  8  9 10 11 |
---------------+----------------------------------+-----
Dodging        | 3 4 5 6 7 8 9 10 11 12 | 12.4
Fighting       | 3 4 5 6 7 8 10 11 12 | 12.2
Armour         | 1 3 4 5 6 7 8 |  8.7
Unarmed Combat | 4 6 7 9 10 11 13 14 | 14.2
Invocations    | 2 3 4 5 7 8 9 |  9.2
Evocations     | 2 3 4 5 6 |  6.8
Stealth        | |  1.0

Action                   |  1- 3 |  4- 6 |  7- 9 | 10-12 || total
-------------------------+-------+-------+-------+-------++-------
Melee: Unarmed           |    44 |    19 |    52 |   110 ||   225
       Punch             |     1 |     1 |     2 |    10 ||    14
       Kick              |       |       |    14 |    49 ||    63
Invok: Upheaval          |       |     1 |     1 |       ||     2
       Disaster Area     |       |       |     3 |     7 ||    10
  Use: Potion            |       |     2 |     1 |     3 ||     6
  Eat: Chunk             |       |     7 |     4 |     5 ||    16
Armor: Robe              |    10 |     1 |    13 |     8 ||    32
Dodge: Dodged            |    25 |     6 |    16 |    38 ||    85
       Deflected         |       |       |       |     4 ||     4
Block: Other             |       |     2 |    11 |    26 ||    39
